 Dungeon Crawl Stone Soup version 0.30-a0-393-g54b8e3be05 (webtiles) character file.

Game seed: 14626179204766289126

42 freelancePsychic the Slasher (level 3, -6/33 HPs)
             Began as a Merfolk Chaos Knight on Dec 6, 2022.
             Was a Plaything of Xom.
             Mangled by a faun (glowing shapeshifter) (18 damage)
             ... on level 2 of the Dungeon.
             The game lasted 00:01:36 (927 turns).

freelancePsychic the Slasher (Merfolk Chaos Knight)  Turns: 927, Time: 00:01:37

Health: -6/33      AC:  5    Str: 16    XL:     3   Next: 56%
Magic:  2/2        EV: 12    Int: 10    God:    Xom [..*...]
Gold:   34         SH:  0    Dex: 14    Spells: 2/2 levels left

rFire   . . .      SeeInvis .    a - +0 falchion (chaos)
rCold   . . .      Faith    .    (no shield)
rNeg    . . .      Spirit   .    b - +2 leather armour
rPois   .          Reflect  .    (helmet restricted)
rElec   .          Harm     .    (no cloak)
rCorr   .          Rampage  .    (no gloves)
Will    .....                    (no boots)
Stlth   +.........               (no amulet)
HPRegen 0.25/turn                (no ring)
MPRegen 0.08/turn                (no ring)

@: flying
A: (nimble swimmer 2), mertail, antennae 1, low MP 1, robust 1, strong 1
a: Renounce Religion


You were on level 2 of the Dungeon.
You worshipped Xom.
You were a toy of Xom.
You visited 1 branch of the dungeon, and saw 2 of its levels.

You collected 34 gold pieces.

Inventory:

Hand Weapons
 a - a +0 falchion of chaos (weapon)
Missiles
 f - 3 poisoned darts
Armour
 b - a +2 leather armour (worn)
Jewellery
 i - a ring of protection from fire
Potions
 j - a potion of might {unknown}
Miscellaneous
 c - a piece from Xom's chessboard (15/15) (quivered)


   Skills:
 + Level 3.7 Fighting
 * Level 4.6 Long Blades
 - Level 0.6 Armour
 + Level 3.4 Dodging


You had 2 spell levels left.
You didn't know any spells.
Your spell library contained the following spells:

 Spells                   Type           Power      Damage    Failure   Level
 Apportation              Tloc           0%         N/A       43%         1
 Necrotise                Necr           0%         1d4       43%         1
 Summon Small Mammal      Summ           0%         N/A       43%         1


Dungeon Overview and Level Annotations

Branches:
Dungeon (2/15)

Altars:


Innate Abilities, Weirdness & Mutations

((You are very nimble when in or above water. (Stealth+, EV+, Speed+++)))
Your lower body shifts to a powerful aquatic tail in water.
You have a pair of small antennae on your head.
Your magical capacity is low. (-10% MP)
You are robust. (+10% HP)
Your muscles are strong. (Str +4, Int/Dex -1)


Message History

Something barely misses you.
* * * LOW HITPOINT WARNING * * *
You feel very sick.
You feel much better.
You feel sick. Something bites you but does no damage.
Something bites you but does no damage.
You feel sick. Something bites you.
You feel sick.
You feel sick.
You see here a scroll labelled PEX GOPI ASS.
Something completely misses you.
You feel sick. Something bites you but does no damage.
You feel sick. Something bites you but does no damage.
Really walk into that dispersal trap?
Something bites you.
You enter a dispersal trap!
You blink.
Found 5 stones and 11 gold pieces.
You feel sick.
An endoplasm is nearby!
You feel sick.
You are no longer poisoned.
Xom guffaws.
You begin to radiate toxic energy.
Your toxic aura wanes.
Xom makes a sudden noise!
You hear a voice calling your name.
You hear an angry hiss. x2
You hit the endoplasm.
You feel better.
The endoplasm is moderately wounded.
The endoplasm hits you but does no damage.
You hit the endoplasm but do no damage.
The endoplasm changes into a glowing shapeshifter!
Xom roars with laughter!
The glowing shapeshifter changes into a faun!
You aren't carrying any scrolls.
It was a potion of flight.
You feel very buoyant.
You fly up into the air.
The faun hits you but does no damage.
It was a potion of mutation.
You feel extremely strange.
You feel less energetic.
You feel stronger. A pair of antennae grows on your head!
You feel robust. The faun hits you!!
Ouch! That really hurt!
You die...
Xom giggles madly!

.... .. .#.##.# #.
......# . #..... .##
#..##... ...
....S..# #.#
#.#.#..# #.# ....
#.# #..... #@#
##.### #####c#$##.#
#.# #?.....(...#
##.## #.#####.####
#...# #^# ###.#
#...# #.# ... #
#...# ##.##.##
##...######.?....#.#
.........##........#


You could see a faun shaped shifter.

Vanquished Creatures
  An adder (D:2)
  A dart slug (D:1)
  2 endoplasms (D:1)
  5 goblins
  3 hobgoblins (D:1)
  3 jackals (D:1)
  A quokka (D:1)
  7 ball pythons (D:1)
  2 frilled lizards
  4 rats
29 creatures vanquished.

Notes
Turn   | Place    | Note
-------+----------+-------------------------------------------
     0 | D:1      | freelancePsychic the Merfolk Chaos Knight began the quest
                  | for the Orb.
     0 | D:1      | Reached XP level 1. HP: 18/18 MP: 1/1
    84 | D:1      | Reached XP level 2. HP: 23/24 MP: 2/2
    97 | D:1      | Reached skill level 4 in Long Blades
   126 | D:1      | XOM: silly message
   141 | D:1      | XOM: cloud trail
   438 | D:1      | Reached XP level 3. HP: 23/29 MP: 3/3
   554 | D:1      | XOM: noise
   883 | D:2      | XOM: noise
   921 | D:2      | XOM: cast spell 'Olgreb's Toxic Radiance'
   923 | D:2      | XOM: noise
   925 | D:2      | an endoplasm changed into a glowing shapeshifter
   925 | D:2      | Noticed a glowing shapeshifter (glowing shapeshifter)
   925 | D:2      | a glowing shapeshifter changed into a faun
   925 | D:2      | Noticed a faun (glowing shapeshifter)
   927 | D:2      | Gained mutation: Your magical capacity is low. (-10% MP)
                  | [potion of mutation]
   927 | D:2      | Gained mutation: Your muscles are strong. (Str +4, Int/Dex
                  | -1) [potion of mutation]
   927 | D:2      | Gained mutation: You have a pair of small antennae on your
                  | head. [potion of mutation]
   927 | D:2      | Gained mutation: You are robust. (+10% HP) [potion of
                  | mutation]
   927 | D:2      | Mangled by a faun (glowing shapeshifter)

Illustrated notes

Levels and vault maps discovered:
D:1:      dpeg_arrival_rooms_a, layout_basic, kennysheep_crisscross,
          minmay_crystal_water
D:2:      layout_loops_cross

Skill      XL: |  1  2 |
---------------+-------+-----
Long Blades    | 4 |  4.6
Dodging        | 3 |  3.4
Fighting       | |  3.7
Armour         | |  0.6

Action                   || total
-------------------------++-------
Melee: Falchion          ||   103
  Use: Potion            ||     4
       Scroll            ||     1
Armor: Leather armour    ||    53
Dodge: Dodged            ||    69

Table legend: (Time is in decaauts)
 A = Elapsed time spent in this place.
 B = Non-inter-level travel time spent in this place.
 C = Inter-level travel time spent in this place.
 D = Time resting spent in this place.
 E = Time spent auto-exploring this place.
 F = Levels seen in this place.
 G = Mean time per level.
                   A        B        C        D        E       F      G
               +--------+--------+--------+--------+--------+-----+--------+
         Total |    931 |    915 |     16 |      0 |    673 |   2 |  465.5 |
       Dungeon |    931 |    915 |     16 |      0 |    673 |   2 |  465.5 |
               +--------+--------+--------+--------+--------+-----+--------+

Top non-repeatable levels by time:
     D:1: 822 daAuts
     D:2: 109 daAuts
